 Dungeon Crawl Stone Soup version 0.21.0-24-g2553a3340b (webtiles) character file.

14546 Andry07 the Protected (level 12, -6/78 HPs)
             Began as a Gargoyle Fighter on Jan 22, 2018.
             Was a High Priest of Okawaru.
             Mangled by NihilVerum's ghost (24 damage)
             ... on level 2 of the Lair of Beasts.
             The game lasted 00:20:15 (10446 turns).

Andry07 the Protected (Gargoyle Fighter)           Turns: 10446, Time: 00:20:16

Health: -6/78      AC: 20    Str: 24    XL:     12   Next: 17%
Magic:  14/14      EV: 10    Int: 10    God:    Okawaru [*****.]
Gold:   394        SH:  0    Dex:  9    Spells: 11/11 levels left

rFire    . . .     SeeInvis .   B - +8 frozen axe "Frostbite" {freezing cloud, *Noise +Fly rC+}
rCold    + . .     Gourm    .   (shield currently unavailable)
rNeg     + . .     Faith    .   b - +0 scale mail
rPois    ∞         Spirit   .   (no helmet)
rElec    +         Reflect  .   a - scarf {cloud immunity}
rCorr    .         Harm     .   e - +1 pair of gloves
MR       .....                  (no boots)
Stlth    ..........             (no amulet)
HPRegen  0.23/turn              (no ring)
MPRegen  0.14/turn              (no ring)

@: no status effects
A: negative energy resistance 1, electricity resistance, unbreathing,
petrification resistance, rot immunity, AC +8
a: Heroism, Finesse, Renounce Religion, Evoke Flight


You were on level 2 of the Lair of Beasts.
You worshipped Okawaru.
Okawaru was extremely pleased with you.
You were not hungry.

You visited 3 branches of the dungeon, and saw 13 of its levels.
You also visited: Sewer.

You collected 394 gold pieces.

Inventory:

Hand Weapons
 v - a +0 falchion of protection
 B - the +8 frozen axe "Frostbite" (weapon) {freezing cloud, *Noise +Fly rC+}
   (You found it on level 5 of the Dungeon)

   It has been specially enchanted to freeze those struck by it, causing extra
   injury to most foes and up to half again as much damage against particularly
   susceptible opponents.
   It can also slow down cold-blooded creatures.
   It protects you from cold.
   It lets you fly.
   It may make noises in combat.
 K - the +7 war axe "Qeoci" {freeze, rC+ rN+}
   (Okawaru gifted it to you on level 2 of the Lair of Beasts)

   It has been specially enchanted to freeze those struck by it, causing extra
   injury to most foes and up to half again as much damage against particularly
   susceptible opponents.
   It can also slow down cold-blooded creatures.
   It protects you from cold.
   It protects you from negative energy.
Armour
 a - a scarf of cloud immunity (worn)
 b - a +0 scale mail (worn)
 c - a +0 shield
 e - a +1 pair of gloves (worn)
Wands
 u - a wand of disintegration (19)
 y - a wand of digging (16)
 z - a wand of paralysis (18)
Scrolls
 g - a scroll of enchant armour {unknown}
 i - 4 scrolls of amnesia
 k - a scroll of identify
 l - 2 scrolls of fear {unknown}
 m - a scroll of blinking
 p - a scroll of random uselessness {unknown}
 q - 4 scrolls of teleportation
 r - 3 scrolls of fog {unknown}
 s - a scroll of enchant weapon {unknown}
 w - a scroll of noise {unknown}
 x - 2 scrolls of remove curse {unknown}
 E - a scroll of acquirement {unknown}
Potions
 d - 4 potions of might
 h - 5 potions of lignification
 j - 4 potions of heal wounds {unknown}
 n - 3 potions of flight
 o - a potion of degeneration {unknown}
 t - 2 potions of resistance {unknown}
 A - 2 potions of agility {unknown}
 C - 2 potions of magic {unknown}
 D - a potion of haste {unknown}
 F - 2 potions of curing {unknown}
Books
 G - a book of Minor Magic

   Spells                             Type                      Level
   a - Magic Dart                     Conjuration                  1
   b - Blink                          Translocation                2
   c - Call Imp                       Summoning                    2
   d - Slow                           Hexes                        2
   e - Conjure Flame                  Conjuration/Fire             3
   f - Mephitic Cloud                 Conjuration/Poison/Air       3
 H - a book of Debilitation

   Spells                             Type                      Level
   a - Corona                         Hexes                        1
   b - Slow                           Hexes                        2
   c - Inner Flame                    Hexes/Fire                   3
   d - Portal Projectile              Hexes/Translocation          3
   e - Cause Fear                     Hexes                        4
   f - Leda's Liquefaction            Hexes/Earth                  4
 I - a book of Cantrips

   Spells                             Type                      Level
   a - Confusing Touch                Hexes                        1
   b - Animate Skeleton               Necromancy                   1
   c - Summon Small Mammal            Summoning                    1
   d - Apportation                    Translocation                1
Comestibles
 f - 19 rations
 J - 6 chunks of flesh


   Skills:
 + Level 10.3 Fighting
 - Level 11.2(11.3) Axes
   Level 2.0(8.1) Maces & Flails
 - Level 12.5 Armour
 - Level 3.2 Shields
 + Level 3.5 Evocations


You had 11 spell levels left.
You didn't know any spells.

Dungeon Overview and Level Annotations

Branches:
Dungeon (10/15)            Temple (1/1) D:4            Lair (2/6) D:8
  Swamp: Lair:2-4    Shoals: Lair:2-4     Snake: Lair:2-4    Spider: Lair:2-4
    Orc: D:9-12

Altars:
Ashenzari
Cheibriados
Dithmenos
Elyvilon
Fedhas
Gozag
Hepliaklqana
Kikubaaqudgha
Makhleb
Nemelex Xobeh
Okawaru
Qazlal
Ru
Sif Muna
Trog
Uskayaw
Vehumet
Wu Jian
Xom
Yredelemnul
Zin
The Shining One

Shops:
D:8 *([[

Annotations:
D:10 Snorg
Lair:2 NihilVerum's ghost, journeyman TrBe


Innate Abilities, Weirdness & Mutations

You are resistant to torment.
Your stone body is resilient. (AC +8)
You are immune to poison.
You resist negative energy. (rN+)
You are resistant to electric shocks. (rElec)
You can survive without breathing.
You are immune to petrification.
You are immune to rotting.


Message History

You closely miss NihilVerum's ghost.
NihilVerum's ghost is heavily damaged.
NihilVerum's ghost barely misses you.
You closely miss NihilVerum's ghost.
NihilVerum's ghost is heavily damaged.
NihilVerum's ghost barely misses you. NihilVerum's ghost hits you!!
* * * LOW HITPOINT WARNING * * *
You hit NihilVerum's ghost. You freeze NihilVerum's ghost.
NihilVerum's ghost is heavily damaged.
NihilVerum's ghost hits you.
* * * LOW HITPOINT WARNING * * *
You closely miss NihilVerum's ghost.
NihilVerum's ghost is heavily damaged.
NihilVerum's ghost hits you.
* * * LOW HITPOINT WARNING * * *
NihilVerum's ghost hits you but does no damage.
You see here 17 bolts.
There is a stone staircase leading up here.
NihilVerum's ghost hits you!!
You die...

### #######
####.###.##..###
###PP.###..#.#...#
#.................
#..........#.#....
#...#.##..####....
##...####..# #....
#.@..####..##
#....
##W...##....#


##PPP ##...####...# #### #....# #..## # #....####...# ## ♣P....##P..#######.
♣.....#.P.......... ♣#.♣............... ♣♣♣.♣.....♣♣♣..... You could see
NihilVerum's ghost.

Vanquished Creatures
  2 two-headed ogres
  An ugly thing (D:8)
  An oklob plant (Lair:1)
  2 black mambas (Lair:2)
  4 spiny frogs (Lair:2)
  2 komodo dragons
  A queen bee (D:8)
  A polar bear (Lair:2)
  3 hippogriffs
  A wyvern (Lair:2)
  A basilisk (Lair:1)
  13 yaks
  6 water moccasins
  2 orc warriors
  7 porcupines
  3 black bears
  A sky beast (D:9)
  5 ogres
  5 wolves (Lair:2)
  8 crocodiles
  A centaur (D:5)
  A big kobold (D:10)
  Blork the orc (D:4)
  11 bullfrogs
  3 scorpions
  8 wights
  14 killer bees (D:8)
  2 howler monkeys
  An electric eel (D:6)
  2 centaur zombies (D:5)
  6 crimson imps
  A bullfrog zombie (D:9)
  3 hounds
  7 jellies
  Crazy Yiuf (D:5)
  A bullfrog skeleton (D:5)
  5 orc priests
  2 centaur skeletons (D:5)
  5 orc wizards
  Terence (D:2)
  2 iguanas
  4 worker ants
  2 killer bee zombies
  A hound zombie (D:10)
  2 howler monkey zombies (D:5)
  4 worker ant zombies (D:5)
  Robin (D:2)
  18 adders
  A river rat (D:3)
  A shadow imp (D:9)
  11 oozes (Lair:1)
  An adder skeleton (D:9)
  An adder zombie (D:5)
  7 worms
  A dart slug (D:3)
  4 leopard geckos
  29 orcs
  5 giant cockroaches
  14 goblins
  7 hobgoblins
  6 jackals (D:2)
  5 quokkas
  2 ball pythons (Sewer)
  7 bats
  9 frilled lizards
  2 jackal skeletons
  A jackal zombie (D:7)
  9 kobolds
  2 leopard gecko zombies (D:5)
  14 rats
  6 fungi
  14 plants
338 creatures vanquished.

Vanquished Creatures (others)
  11 fungi
  4 plants (Lair:2)
  10 toadstools (Lair:2)
25 creatures vanquished.

Grand Total: 363 creatures vanquished

Notes
Turn   | Place    | Note
-------+----------+-------------------------------------------
     0 | D:1      | Andry07 the Gargoyle Fighter began the quest for the Orb.
     0 | D:1      | Reached XP level 1. HP: 14/14 MP: 1/1
   628 | D:2      | Reached XP level 2. HP: 12/20 MP: 2/2
   666 | D:2      | Found a shimmering altar of Xom.
   723 | D:2      | Found a radiant altar of Vehumet.
   737 | D:2      | Found a basalt altar of Yredelemnul.
   751 | D:2      | Found a white marble altar of Elyvilon.
   754 | D:2      | Found a hide-covered altar of Uskayaw.
   776 | D:2      | Noticed Terence
   780 | D:2      | Reached XP level 3. HP: 16/24 MP: 3/3
   812 | D:2      | Reached skill level 5 in Fighting
   845 | D:2      | Killed Terence
   845 | D:2      | Reached XP level 4. HP: 20/31 MP: 4/4
  1065 | D:2      | Noticed Robin
  1073 | D:2      | Killed Robin
  1142 | D:2      | Noticed a water elemental
  1144 | D:2      | Found a stormy altar of Qazlal.
  1145 | D:2      | Noticed a fire elemental
  1145 | D:2      | Noticed an earth elemental
  1145 | D:2      | Noticed an air elemental
  1285 | D:2      | Reached XP level 5. HP: 33/36 MP: 5/5
  1463 | D:3      | Found a glowing drain.
  1468 | Sewer    | Entered a sewer
  1840 | Sewer    | Reached XP level 6. HP: 25/44 MP: 6/6
  2967 | D:4      | Noticed Blork the orc
  2985 | D:4      | Killed Blork the orc
  3181 | D:4      | HP: 2/44 [ogre/giant spiked club (8)]
  3482 | D:4      | Found an ancient bone altar of Kikubaaqudgha.
  3564 | D:4      | Reached XP level 7. HP: 44/50 MP: 7/7
  3665 | D:4      | Found an ornate altar of the Wu Jian Council.
  3839 | D:4      | Found a staircase to the Ecumenical Temple.
  3957 | Temple   | Entered the Ecumenical Temple
  4033 | Temple   | Became a worshipper of Warmaster Okawaru
  4103 | D:5      | Entered Level 5 of the Dungeon
  4250 | D:5      | Reached skill level 4 in Armour
  4273 | D:5      | Reached skill level 5 in Armour
  4296 | D:5      | Reached XP level 8. HP: 31/56 MP: 8/8
  4416 | D:5      | Noticed a moth of wrath
  4419 | D:5      | Found a bloodstained altar of Trog.
  4559 | D:5      | Reached skill level 6 in Armour
  4632 | D:5      | Found a blossoming altar of Fedhas.
  4658 | D:5      | Found the +8 frozen axe "Frostbite" {freezing cloud, *Noise +Fly rC+}
  4666 | D:5      | Reached * piety under Okawaru
  4743 | D:5      | Reached skill level 1 in Axes
  4763 | D:5      | Reached skill level 7 in Armour
  4830 | D:5      | Found a runed door.
  4864 | D:5      | Noticed Crazy Yiuf
  4866 | D:5      | Killed Crazy Yiuf
  5169 | D:6      | Found a shimmering altar of Xom.
  5173 | D:6      | Reached skill level 8 in Armour
  5173 | D:6      | Reached XP level 9. HP: 58/60 MP: 9/9
  5333 | D:6      | Found a glowing golden altar of the Shining One.
  5686 | D:7      | Reached ** piety under Okawaru
  5717 | D:7      | Reached skill level 9 in Armour
  6034 | D:7      | Found a shattered altar of Ashenzari.
  6077 | D:7      | Reached skill level 5 in Axes
  6380 | D:7      | Found a burning altar of Makhleb.
  6380 | D:7      | Noticed an Executioner
  6426 | D:8      | Reached skill level 10 in Armour
  6430 | D:8      | Reached XP level 10. HP: 60/66 MP: 8/10
  6442 | D:8      | Noticed a two-headed ogre
  6447 | D:8      | Killed a two-headed ogre
  6447 | D:8      | Reached *** piety under Okawaru
  6585 | D:8      | Reached **** piety under Okawaru
  6702 | D:8      | Received a gift from Okawaru
  6897 | D:8      | Found Cipt's Armour Shoppe.
  6929 | D:8      | Found Ycvoriqim's Antique Armour Boutique.
  6974 | D:8      | Found a staircase to the Lair.
  7060 | D:8      | Found Owniv's Assorted Antiques.
  7084 | D:8      | Noticed a red ugly thing
  7088 | D:8      | Killed a red ugly thing
  7303 | D:8      | Found Onej's Weapon Shoppe.
  7751 | D:9      | Noticed a two-headed ogre
  7761 | D:9      | Killed a two-headed ogre
  7761 | D:9      | Reached skill level 10 in Axes
  7761 | D:9      | Reached XP level 11. HP: 24/71 MP: 2/11
  8275 | D:10     | Entered Level 10 of the Dungeon
  8292 | D:10     | Reached ***** piety under Okawaru
  8412 | D:10     | Noticed Snorg
  8765 | Lair:1   | Entered Level 1 of the Lair of Beasts
  8940 | Lair:1   | Noticed an oklob plant
  8956 | Lair:1   | Killed an oklob plant
  8956 | Lair:1   | Reached skill level 11 in Armour
  9855 | Lair:2   | Reached skill level 12 in Armour
  9856 | Lair:2   | Received a gift from Okawaru
  9863 | Lair:2   | Got a transparent war axe {god gift}
  9864 | Lair:2   | Identified the +7 war axe "Qeoci" {freeze, rC+ rN+} (Okawaru gifted it to you on level 2 of the Lair of Beasts)
  9903 | Lair:2   | Reached skill level 1 in Evocations
  9965 | Lair:2   | Reached XP level 12. HP: 19/77 MP: 13/13
 10245 | Lair:2   | Reached skill level 10 in Fighting
 10324 | Lair:2   | Noticed NihilVerum's ghost (journeyman TrBe)
 10446 | Lair:2   | Mangled by NihilVerum's ghost

Skill      XL: |  1  2  3  4  5  6  7  8  9 10 11 12 |
---------------+-------------------------------------+-----
Fighting       | 4 5 6 7 8 9 10 | 10.3
Armour         | 5 8 10 12 | 12.5
Axes           | 3 6 10 11 | 11.2
Evocations     | 2 3 |  3.5
Maces & Flails | |  2.0
Shields        | |  3.2

Action                   |  1- 3 |  4- 6 |  7- 9 | 10-12 || total
-------------------------+-------+-------+-------+-------++-------
Melee: Flail             |   104 |   277 |       |       ||   381
       Falchion          |       |    64 |   255 |       ||   319
       Executioner's axe |       |       |   131 |   246 ||   377
  Use: Scroll            |       |       |       |     6 ||     6
  Eat: Chunk             |       |     9 |    11 |    10 ||    30
       Ration            |       |       |       |     1 ||     1
Armor: Scale mail        |    60 |   238 |   286 |   186 ||   770
Dodge: Dodged            |    41 |   123 |   168 |   193 ||   525
Block: Shield            |    61 |   198 |   139 |       ||   398
       Rpst.: Falchion   |       |     6 |    23 |       ||    29
